 Dungeon Sprint DCSS version 0.31-a0-846-gb3bcc0d938 (webtiles) character file.

Game seed: 18045204829102131375

1017 sircluck the Grappler (level 8, -1/138 HPs)
             Began as a Troll Berserker on Oct 3, 2023.
             Was a Believer of Trog.
             Slain by a centaur warrior (6 damage)
             ... in the Dungeon (Sprint I: "Red Sonja").
             The game lasted 00:01:18 (227 turns).

sircluck the Grappler (Troll Berserker)              Turns: 227, Time: 00:01:19

Health: -1/138     AC:  4    Str: 28    XL:     8   Next: 2%
Magic:  7/7        EV: 12    Int:  3    God:    Trog [**....]
Gold:   318        SH:  0    Dex:  9    Spells: 7/7 levels left

rFire   . .          .
                       - Unarmed
rCold   . . .        (no shield)
rNeg    . . .        a - +0 animal skin
rPois   .            (helmet restricted)
rElec   .            (no cloak)
rCorr   .            (gloves unavailable)
SInv    .            (boots unavailable)
Will    .....        (no amulet) Stlth
                     (no ring)
HPRegen 1.23/turn    (no ring)
MPRegen 0.10/turn

%: no teleportation
@: berserking (expiring), very quick
A: large, unfitting armour, claws 3, regeneration 1, shaggy fur 1, tough skin 1
a: Renounce Religion, Berserk, Trog's Hand


You were in the Dungeon.
You worshipped Trog.
Trog was pleased with you.
You visited 1 branch You collected 318 gold pieces.

Inventory:

Armour
 a - a +0 animal skin (worn)
Wands
 h - a wand of paralysis (6)
Scrolls
 g - a scroll of blinking
Potions
 b - a potion of curing
 c - a potion of heal wounds
 d - a potion of haste
 e - 2 potions of magic
 f - a potion of berserk rage


   Skills:
 + Level 9.0 Fighting
 + Level 8.9 Dodging
 + Level 10.6 Unarmed Combat


You had 7 spell levels left.
You didn't know any spells.
Your spell library was empty.

Dungeon Overview and Level Annotations

Branches:
Dungeon (1/1)

Altars:
Cheibriados
Dithmenos
Elyvilon
Fedhas
Gozag
Hepliaklqana
Kikubaaqudgha
Nemelex Xobeh
Okawaru
Qazlal
Ru
Sif Muna
Trog
Uskayaw
Vehumet
Wu Jian
Yredelemnul
Zin
The Shining One

Shops:
D [


Innate Abilities, Weirdness & Mutations

You are too large for most types of armour.
You have claws for hands.
Your natural rate of healing is unusually fast.
You are covered in fur. (AC +1)
You have tough skin. (AC +1)


Message History

The centaur warrior is moderately wounded.
The centaur warrior hits you!
* * * LOW HITPOINT WARNING * * *
The centaur warrior barely misses you.
You claw the centaur warrior!
The centaur warrior is heavily wounded.
The centaur warrior barely misses you. The centaur warrior kicks you.
* * * LOW HITPOINT WARNING * * *
The centaur warrior barely misses you. The centaur warrior kicks you.
* * * LOW HITPOINT WARNING * * *
You barely miss the centaur warrior.
The centaur warrior is moderately wounded.
The centaur warrior completely misses you.
The centaur warrior kicks you.
* * * LOW HITPOINT WARNING * * *
The centaur warrior closely misses you. The centaur warrior kicks you.
* * * LOW HITPOINT WARNING * * *
You claw the centaur warrior!
The centaur warrior is heavily wounded.
The centaur warrior hits you.
* * * LOW HITPOINT WARNING * * *
The centaur warrior kicks you.
* * * LOW HITPOINT WARNING * * *
You mangle the centaur warrior!!
You kill the centaur warrior!
Trog accepts your kill.
Your Fighting skill gained 2 levels and is now at level 9!
Your Dodging skill increases to level 8!
Your Unarmed Combat skill gained 2 levels and is now at level 10!
You have reached level 7!
You have reached level 8!
Unknown command.
Unknown command.
Unknown command.
You closely miss the centaur warrior. The centaur warrior misses you.
The centaur warrior kicks you but does no damage.
You eviscerate the centaur warrior!!!
The centaur warrior is severely wounded.
The centaur warrior hits you.
You die...

##############
.#.)'..#..'..#
.').#..').#..+
.#####'#####'# ###
.####..#...#[####$?#
.#__####..##.#§§§§.#
.#_____##'#_.§§§@§§+
⌠#_.∩...'..._#~§§c§#
##_..__##_.#'##+####
#_____###+#.#
####### ###


You could see a centaur warrior.

Vanquished Creatures
  A centaur warrior (D)
  Sigmund (D)
  A yak (D)
  An ogre (D)
  A jelly (D)
  Ijyb (D)
6 creatures vanquished.

Notes
Turn   | Place    | Note
-------+----------+-------------------------------------------
     0 | D        | sircluck the Troll Berserker began the quest for the Orb.
     0 | D        | Reached XP level 1. HP: 22/22 MP: 0/0
     2 | D        | Noticed Ijyb
     3 | D        | Paralysed by Ijyb for 4 turns
    13 | D        | Paralysed by Ijyb for 5 turns
    24 | D        | Killed Ijyb
    25 | D        | Reached skill level 4 in Unarmed Combat
    25 | D        | Reached XP level 2. HP: 18/32 MP: 1/1
    38 | D        | Noticed an ogre
    44 | D        | Killed an ogre
    45 | D        | Reached skill level 5 in Fighting
    45 | D        | Reached skill level 5 in Dodging
    45 | D        | Reached skill level 6 in Unarmed Combat
    45 | D        | Reached XP level 3. HP: 11/42 MP: 2/2
    45 | D        | Reached XP level 4. HP: 13/50 MP: 3/3
    91 | D        | Noticed Sigmund
    98 | D        | Killed Sigmund
    98 | D        | Reached ** piety under Trog
    99 | D        | Reached skill level 7 in Unarmed Combat
    99 | D        | Reached XP level 5. HP: 26/61 MP: 4/4
   141 | D        | Found an ornate altar of the Wu Jian Council.
   141 | D        | Found a shimmering blue altar of Sif Muna.
   143 | D        | Found a radiant altar of Vehumet.
   150 | D        | Reached skill level 8 in Unarmed Combat
   150 | D        | Reached XP level 6. HP: 51/68 MP: 5/5
   181 | D        | Found Tuxinn's Antique Armour Emporium.
   181 | D        | Found an ancient bone altar of Kikubaaqudgha.
   181 | D        | Found a hazy altar of Hepliaklqana.
   181 | D        | Found a hide-covered altar of Uskayaw.
   181 | D        | Found a basalt altar of Yredelemnul.
   181 | D        | Found an opulent altar of Gozag.
   181 | D        | Found a snail-covered altar of Cheibriados.
   181 | D        | Found a sacrificial altar of Ru.
   181 | D        | Found a shadowy altar of Dithmenos.
   181 | D        | Noticed a yak
   185 | D        | Killed a yak
   202 | D        | Found a stormy altar of Qazlal.
   202 | D        | Found a blossoming altar of Fedhas.
   202 | D        | Found a bloodstained altar of Trog.
   202 | D        | Found an iron altar of Okawaru.
   202 | D        | Found a glowing golden altar of the Shining One.
   202 | D        | Found a glowing silver altar of Zin.
   202 | D        | Found a white marble altar of Elyvilon.
   203 | D        | Found a sparkling altar of Nemelex Xobeh.
   215 | D        | Noticed a centaur warrior
   216 | D        | Noticed a centaur warrior
   224 | D        | HP: 2/106 [centaur warrior (4)]
   225 | D        | Killed a centaur warrior
   226 | D        | Reached skill level 10 in Unarmed Combat
   226 | D        | Reached XP level 7. HP: 4/83 MP: 6/6
   226 | D        | Reached XP level 8. HP: 4/92 MP: 7/7
   227 | D        | Slain by a centaur warrior

Illustrated notes

Levels and vault maps discovered:
D:        dungeon_sprint_1 [red_sonja_temple_1, red_sonja_temple_small_1]

Skill      XL: |  1  2  3  4  5  6 |
---------------+-------------------+-----
Fighting       | 3 5 6 9 |  9.0
Dodging        | 3 5 6 8 |  8.9
Unarmed Combat | 4 6 7 8 10 | 10.6

Action                     |  1- 3 |  4- 6 |  7- 9 || total
---------------------------+-------+-------+-------++-------
  Melee: Unarmed           |    17 |    17 |     2 ||    36
         Punch             |       |     1 |       ||     1
 Invoke: Berserk           |       |     1 |       ||     1
 Armour: Animal skin       |    14 |    17 |     2 ||    33
  Dodge: Dodged            |       |    11 |     1 ||    12

Table legend: (Time is in decaauts)
 A = Elapsed time spent in this place.
 B = Non-inter-level travel time spent in this place.
 C = Inter-level travel time spent in this place.
 D = Time resting spent in this place.
 E = Time spent auto-exploring this place.
 F = Levels seen in this place.
 G = Mean time per level.
                   A        B        C        D        E       F      G
               +--------+--------+--------+--------+--------+-----+--------+
         Total |    221 |    213 |      8 |     71 |     55 |   1 |  221.0 |
       Dungeon |    221 |    213 |      8 |     71 |     55 |   1 |  221.0 |
               +--------+--------+--------+--------+--------+-----+--------+

Top non-repeatable levels by time:
       D: 221 daAuts
